 Dungeon Crawl Stone Soup version 0.17.0-56-gd8de76c (webtiles) character file.

185 sugabear the Cudgeler (level 5, -5/32 HPs)
             Began as a Gargoyle Gladiator on Dec 6, 2015.
             Killed by divine providence
             ... invoked by an orc priest
              (12 damage)
             ... on level 2 of the Dungeon.
             The game lasted 00:04:04 (2877 turns).

sugabear the Cudgeler (Gargoyle Gladiator)          Turns: 2877, Time: 00:04:04

Health: -5/32      AC:  8    Str: 19    XL:     5   Next: 64%
Magic:  5/5        EV: 12    Int:  8    God:
Gold:   166        SH:  0    Dex: 11    Spells: 0 memorised, 4 levels left

rFire  . . .     SeeInvis .     a - +0 flail
rCold  . . .     Clarity  .     b - +0 leather armour
rNeg   + . .     SustAt   .     (no shield)
rPois  ∞         Gourm    .     c - +0 helmet
rElec  +         Spirit   .     (no cloak)
rCorr  .         Warding  .     (no gloves)
rMut   .         Stasis   .     (no boots)
MR     .....                    (no amulet)
Stlth  +.........               (no ring)
                                (no ring)

@: not resistant to hostile enchantments, very unstealthy
A: negative energy resistance 1, electricity resistance, unbreathing,
petrification resistance, rot immunity, AC +4
a: no special abilities


You were on level 2 of the Dungeon.
You were not hungry.

You visited 1 branch of the dungeon, and saw 4 of its levels.

You collected 166 gold pieces.

Inventory:

Hand Weapons
 a - a +0 flail (weapon)
Missiles
 d - 3 throwing nets (quivered)
Armour
 b - a +0 leather armour (worn)
 c - a +0 helmet (worn)
Jewellery
 q - an uncursed amulet of faith {unknown}
 r - an uncursed ring of see invisible {unknown}
Wands
 n - a wand of paralysis (11)
Scrolls
 g - 2 scrolls of immolation {unknown}
 h - 6 scrolls of identify {unknown}
 k - 3 scrolls of remove curse {unknown}
 m - a scroll of random uselessness {unknown}
 p - 3 scrolls of amnesia {unknown}
Potions
 i - 2 potions of beneficial mutation {unknown}
 j - a potion of degeneration {unknown}
 l - 2 potions of curing {unknown}
 o - a potion of brilliance {unknown}
 t - a potion of magic {unknown}
Comestibles
 e - 2 bread rations
 f - a chunk of flesh
 s - a slice of pizza


   Skills:
 + Level 3.0 Fighting
 + Level 3.9 Maces & Flails
 + Level 1.9 Throwing
 + Level 2.1 Armour
 + Level 3.6 Dodging
 + Level 1.2 Stealth


You had 4 spell levels left.
You didn't know any spells.

Dungeon Overview and Level Annotations

Branches:
Dungeon (4/15)
 Temple: D:4-7

Altars:
Makhleb
Zin

Annotations:
D:3 rutigerpupkin's ghost, amateur GrFE


Innate Abilities, Weirdness & Mutations

You are resistant to torment.
Your stone body is resilient (AC +4).
You are immune to poison.
You resist negative energy.
You are resistant to electric shocks.
You can survive without breathing.
You are immune to petrification.
You are immune to rotting.


Message History

The orc wizard looks braver for a moment.
Unknown command.
You barely miss the orc priest.
The orc priest is almost dead.
The orc priest closely misses you. The orc wizard closely misses you.
You closely miss the orc priest.
The orc priest is almost dead.
The orc priest barely misses you.
The orc wizard hits you but does no damage.
Unknown command.
You barely miss the orc priest.
The orc priest is almost dead.
The orc priest invokes the aid of Beogh against you.
Pain shoots through your body!
* * * LOW HITPOINT WARNING * * *
The orc wizard casts a spell.
The orc wizard seems to speed up.
The orc priest mumbles some strange prayers to Beogh against you.
Something smites you!
You die...

#...#......###.#.##.....###...#
#...##.#.......#.######.#....##
#...##.##..#####..##.......####
#...##.....######.##........###
#..............##...)##>....##.
####.##.######.#.....##......#.
#.##.# #................. #.##.#
######÷#.####.....##. ######.#..#
#.oo@o......>.....##.
..........###.#####..####.....##.
........#.##..................###
.......##............########## #
..................)..###
.......##.........)....#
..........##.######....### ####
#####..#####.# ###....#####...
#......####..# #.......>#....


You could see an orc priest, an orc wizard and an orc.

Vanquished Creatures
  An orc priest (D:3)
  An orc wizard (D:3)
  Terence (D:2)
  5 adders (D:2)
  A worm (D:2)
  4 orcs
  4 bats
  A giant cockroach (D:3)
  9 hobgoblins
  3 jackals (D:2)
  6 kobolds
  3 giant newts
  4 goblins
  10 rats
53 creatures vanquished.

Notes
Turn   | Place    | Note
--------------------------------------------------------------
     0 | D:1      | sugabear the Gargoyle Gladiator began the quest for the Orb.
     0 | D:1      | Reached XP level 1. HP: 12/12 MP: 1/1
   657 | D:1      | Reached XP level 2. HP: 18/18 MP: 2/2
   901 | D:2      | Reached XP level 3. HP: 18/22 MP: 3/3
  1466 | D:2      | Reached XP level 4. HP: 18/27 MP: 4/4
  1546 | D:2      | Found a burning altar of Makhleb.
  1546 | D:2      | Found a glowing silver altar of Zin.
  1547 | D:2      | Noticed an angel
  1547 | D:2      | Noticed a cacodemon
  1604 | D:2      | Noticed Terence
  1615 | D:2      | Killed Terence
  1615 | D:2      | Reached skill level 1 in Armour
  1871 | D:2      | Reached skill level 1 in Stealth
  2278 | D:3      | Reached XP level 5. HP: 29/32 MP: 5/5
  2324 | D:3      | Noticed rutigerpupkin's ghost (amateur GrFE)
  2877 | D:2      | Killed from afar by an orc priest

Action                   |  1- 3 |  4- 6 || total
-------------------------+-------+-------++-------
Melee: Flail             |   122 |   107 ||   229
Throw: Throwing net      |       |     1 ||     1
  Eat: Chunk             |     2 |     3 ||     5
       Beef jerky        |       |     1 ||     1
